AoeStats
← Dsaidm

Black Forest

510920253Analyzed
4v4 RM · 6h ago on Oct 3, 2026· 27m 41s· 8 players
Game mode
Random Map
Map size
Large (8 player)
Population
200
Speed
Normal
Resources
Standard
Victory
Conquest
Starting age
Dark Age
Ending age
Imperial Age
RankedLock teamsTeams togetherTeam positionsShared explorationLock speedFull tech treeHidden civsTurbo modeCheats
Victory
Defeat
🇲🇽 Persians · Mexico
1000
+15
🇯🇵 Romans · Japan
937
+17
🇺🇸 Khmer · United States
919
+18
🇺🇸 Khmer · United States
891
+19
🇨🇱 Shu · Chile
1020
-19
🇦🇺 Persians · Australia
968
-17
🇨🇱 Malay · Chile
951
-17
🇨🇱 Cumans · Chile
925
-16
BIZONADE
7:18 Loom
12:29 Feudal Age
15:14 Double-Bit Axe
17:34 Castle Age
15:18 Horse Collar
23:17 Bow Saw
30:39 Imperial Age
28:09 Gold Mining
rampagingcarrot
0:59 Loom
19:53 Feudal Age
20:29 Double-Bit Axe
23:31 Castle Age
24:27 Bow Saw
25:10 Gold Mining
25:16 Horse Collar
26:59 Gold Shaft Mining
LWwcnm
10:24 Feudal Age
10:28 Man-at-Arms
11:43 Horse Collar
12:41 Scale Mail Armor
20:10 Castle Age
18:54 Gold Mining
20:31 Loom
20:11 Long Swordsman
20:52 Squires
20:45 Double-Bit Axe
22:01 Chain Mail Armor
23:14 Forging
26:56 Wheelbarrow
26:17 Pikeman
Mjbretado
9:31 Loom
11:19 Feudal Age
12:14 Double-Bit Axe
14:02 Wheelbarrow
18:22 Castle Age
16:44 Horse Collar
16:56 Gold Mining
18:20 Forging
20:50 Bloodlines
22:08 Husbandry
28:23 Fervor
Dsaidm
0:29 Loom
20:27 Feudal Age
20:30 Double-Bit Axe
26:06 Castle Age
24:42 Horse Collar
24:56 Stone Mining
26:24 Wheelbarrow
26:57 Bow Saw
Shalashaska
0:40 Loom
12:22 Feudal Age
13:58 Double-Bit Axe
19:46 Castle Age
21:25 Bow Saw
20:47 Man-at-Arms
21:31 Squires
21:35 Scale Mail Armor
21:47 Forging
25:25 Scale Barding Armor
26:32 Bloodlines
Marak
12:26 Feudal Age
16:39 Castle Age
15:51 Horse Collar
17:18 Heavy Plow
17:07 Double-Bit Axe
19:04 Bow Saw
23:20 Stone Mining
25:22 Scale Barding Armor
26:44 Chain Barding Armor
27:26 Bloodlines
27:29 Forging
セバスティアン
1:26 Loom
10:52 Feudal Age
11:23 Double-Bit Axe
22:36 Castle Age
22:52 Fletching
24:25 Bodkin Arrow
Connection lost

Rejoining the realm…

Still unreachable

The connection could not be restored.

Session expired

The server has moved on; the page needs a fresh start.